 Dungeon Sprint DCSS version 0.31-a0-75-g6fe912e8c5 (webtiles) character file.

Game seed: 8427652081380143186

2828 sircluck the Grappler (level 9, -3/151 HPs)
             Began as a Troll Berserker on May 23, 2023.
             Was an Elder of Trog.
             Slain by a centaur warrior (6 damage)
             ... in the Dungeon (Sprint I: "Red Sonja").
             The game lasted 00:02:17 (493 turns).

sircluck the Grappler (Troll Berserker)              Turns: 493, Time: 00:02:18

Health: -3/151     AC:  4    Str: 31    XL:     9   Next: 45%
Magic:  8/8        EV: 12    Int:  3    God:    Trog [****..]
Gold:   859        SH:  0    Dex:  9    Spells: 8/8 levels left

rFire   . .          .
                       - Unarmed
rCold   . . .        (no shield)
rNeg    . . .        a - +0 animal skin
rPois   .            (helmet restricted)
rElec   .            (no cloak)
rCorr   .            (gloves unavailable)
SInv    .            (boots unavailable)
Will    .....        (no amulet) Stlth
                     (no ring)
HPRegen 1.25/turn    (no ring)
MPRegen 0.11/turn

%: no teleportation
@: berserking, very quick
A: large, unfitting armour, claws 3, regeneration 1, shaggy fur 1, tough skin 1
a: Renounce Religion, Berserk, Trog's Hand, Brothers in Arms


You were in the Dungeon.
You worshipped Trog.
Trog was greatly pleased with you.
You visited 1 branch You collected 859 gold pieces.

Inventory:

Missiles
 b - 3 curare-tipped darts (quivered)
 m - 8 stones
Armour
 a - a +0 animal skin (worn)
Wands
 h - a wand of iceblast (13)
Scrolls
 g - a scroll of blinking
 i - a scroll of enchant armour {unknown}
 j - a scroll of amnesia {unknown}
 k - a scroll of identify {unknown}
 n - a scroll of fear {unknown}
Potions
 c - a potion of heal wounds
 d - a potion of haste
 e - 2 potions of magic
 f - 2 potions of berserk rage
 l - 2 potions of curing


   Skills:
 + Level 10.1 Fighting
 + Level 10.6 Dodging
 + Level 1.4 Stealth
 + Level 14.3 Unarmed Combat


You had 8 spell levels left.
You didn't know any spells.
Your spell library was empty.

Dungeon Overview and Level Annotations

Branches:
Dungeon (1/1)

Altars:
Cheibriados
Dithmenos
Elyvilon
Fedhas
Gozag
Hepliaklqana
Kikubaaqudgha
Makhleb
Nemelex Xobeh
Okawaru
Qazlal
Ru
Sif Muna
Trog
Uskayaw
Vehumet
Wu Jian
Xom
Yredelemnul
Zin
The Shining One
Jiyva
Lugonu

Shops:
D :[


Innate Abilities, Weirdness & Mutations

You are too large for most types of armour.
You have claws for hands.
Your natural rate of healing is unusually fast.
You are covered in fur. (AC +1)
You have tough skin. (AC +1)


Message History

Unknown command.
Unknown command.
You scratch the centaur warrior.
The centaur warrior is moderately wounded.
The centaur warrior hits you but does no damage.
The centaur warrior kicks you.
* * * LOW HITPOINT WARNING * * *
The centaur warrior misses you. The centaur warrior barely misses you.
Unknown command.
Unknown command.
Unknown command.
You mangle the centaur warrior!! You claw the centaur warrior!
You kill the centaur warrior!
Trog accepts your kill. The centaur warrior barely misses you.
The centaur warrior misses you.
Your Fighting skill increases to level 10!
Your Unarmed Combat skill increases to level 14!
Unknown command.
Unknown command.
Unknown command.
You closely miss the centaur warrior. Your claw misses the centaur warrior.
The centaur warrior hits you.
* * * LOW HITPOINT WARNING * * *
The centaur warrior kicks you but does no damage.
Unknown command.
Unknown command.
You claw the centaur warrior! Your claw misses the centaur warrior.
The centaur warrior is lightly wounded.
Unknown command.
Unknown command.
You claw the centaur warrior! You claw the centaur warrior.
The centaur warrior is moderately wounded.
The centaur warrior completely misses you.
The centaur warrior kicks you but does no damage.
Unknown command.
Unknown command.
You scratch the centaur warrior but do no damage.
The centaur warrior is moderately wounded.
The centaur warrior hits you.
You die...

#######################
#..)..#..'..#__#..'.).#
)..#..').#..'..'..#)..#
#####'#####'#__####...+
####..#...#.####§§#####
#__####..##.#§~§§§#
#_____##'#_.+~§§c§+
#_.∩...÷..._#§~§@§#
#_..__##_.#'##§####
#_____###'#.#§...###
#########)####'###.##
+...'.....'.∩#
#...########## ###.###
#.#'#.# #.....#


You could see a centaur warrior.

Vanquished Creatures
  A centaur warrior (D)
  Sonja (D)
  A deep troll (D)
  2 kobold demonologists (D)
  A slime creature (D)
  Sigmund (D)
  A yak (D)
  A floating eye (D)
  An ogre (D)
  A jelly (D)
  Ijyb (D)
12 creatures vanquished.

Vanquished Creatures (others)
  2 ballistomycete spores (D)
2 creatures vanquished.

Grand Total: 14 creatures vanquished

Notes
Turn   | Place    | Note
-------+----------+-------------------------------------------
     0 | D        | sircluck the Troll Berserker began the quest for the Orb.
     0 | D        | Reached XP level 1. HP: 22/22 MP: 0/0
     1 | D        | Noticed Ijyb
    27 | D        | Killed Ijyb
    28 | D        | Reached skill level 4 in Unarmed Combat
    28 | D        | Reached XP level 2. HP: 19/32 MP: 1/1
    57 | D        | Noticed an ogre
    60 | D        | Killed an ogre
    61 | D        | Reached skill level 5 in Fighting
    61 | D        | Reached skill level 5 in Dodging
    61 | D        | Reached skill level 6 in Unarmed Combat
    61 | D        | Reached XP level 3. HP: 31/42 MP: 2/2
    61 | D        | Reached XP level 4. HP: 38/50 MP: 3/3
   112 | D        | Noticed Sigmund
   117 | D        | Killed Sigmund
   117 | D        | Reached ** piety under Trog
   118 | D        | Reached skill level 7 in Unarmed Combat
   118 | D        | Reached XP level 5. HP: 61/61 MP: 4/4
   118 | D        | Reached XP level 6. HP: 68/68 MP: 5/5
   154 | D        | Found an ornate altar of the Wu Jian Council.
   154 | D        | Found a shimmering blue altar of Sif Muna.
   156 | D        | Found a radiant altar of Vehumet.
   161 | D        | Reached skill level 8 in Unarmed Combat
   197 | D        | Found Weulaij's Book Emporium.
   197 | D        | Found an ancient bone altar of Kikubaaqudgha.
   197 | D        | Found a hazy altar of Hepliaklqana.
   197 | D        | Found a stormy altar of Qazlal.
   197 | D        | Found a hide-covered altar of Uskayaw.
   197 | D        | Found a blossoming altar of Fedhas.
   197 | D        | Found a bloodstained altar of Trog.
   197 | D        | Found an iron altar of Okawaru.
   197 | D        | Found a basalt altar of Yredelemnul.
   197 | D        | Found a glowing golden altar of the Shining One.
   197 | D        | Found a snail-covered altar of Cheibriados.
   197 | D        | Found a sacrificial altar of Ru.
   197 | D        | Found a glowing silver altar of Zin.
   197 | D        | Found a shadowy altar of Dithmenos.
   197 | D        | Found a white marble altar of Elyvilon.
   197 | D        | Noticed a yak
   201 | D        | Killed a yak
   202 | D        | Reached skill level 9 in Unarmed Combat
   202 | D        | Found an opulent altar of Gozag.
   203 | D        | Found a sparkling altar of Nemelex Xobeh.
   226 | D        | Found a burning altar of Makhleb.
   226 | D        | Found a viscous altar of Jiyva.
   226 | D        | Found a shimmering altar of Xom.
   226 | D        | Found a corrupted altar of Lugonu.
   226 | D        | Noticed a slime creature
   231 | D        | Killed a slime creature
   232 | D        | Reached skill level 10 in Unarmed Combat
   232 | D        | Reached XP level 7. HP: 58/79 MP: 6/6
   245 | D        | Noticed a kobold demonologist
   246 | D        | Noticed a kobold demonologist
   246 | D        | Paralysed by a floating eye for 4 turns
   248 | D        | Noticed a ynoxinul
   249 | D        | Noticed a rust devil
   250 | D        | Reached *** piety under Trog
   252 | D        | Noticed an orange demon
   256 | D        | Noticed a chaos spawn
   257 | D        | Killed a kobold demonologist
   258 | D        | Reached skill level 11 in Unarmed Combat
   261 | D        | Noticed an orange demon
   266 | D        | Killed a kobold demonologist
   266 | D        | Reached **** piety under Trog
   266 | D        | HP: 4/81 [poisoned by an orange demon]
   267 | D        | Reached skill level 1 in Stealth
   267 | D        | Reached XP level 8. HP: 5/89 MP: 7/7
   363 | D        | Noticed Sonja
   372 | D        | Killed Sonja
   373 | D        | Reached skill level 12 in Unarmed Combat
   436 | D        | Noticed a deep troll
   442 | D        | Killed a deep troll
   443 | D        | Reached skill level 10 in Dodging
   443 | D        | Reached skill level 13 in Unarmed Combat
   443 | D        | Reached XP level 9. HP: 101/101 MP: 8/8
   453 | D        | Found Jyfyhoz's Armour Emporium.
   481 | D        | Noticed a centaur warrior
   483 | D        | Noticed a centaur warrior
   486 | D        | HP: 7/151 [centaur warrior (8)]
   488 | D        | HP: 3/151 [centaur warrior (2)]
   489 | D        | Killed a centaur warrior
   490 | D        | Reached skill level 10 in Fighting
   490 | D        | Reached skill level 14 in Unarmed Combat
   490 | D        | HP: 1/151 [centaur warrior (4)]
   493 | D        | Slain by a centaur warrior

Illustrated notes

Levels and vault maps discovered:
D:        dungeon_sprint_1 [red_sonja_temple_1, red_sonja_temple_small_1]

Skill      XL: |  1  2  3  4  5  6  7  8  9 |
---------------+----------------------------+-----
Fighting       | 3 5 6 7 8 9 10 | 10.1
Dodging        | 3 5 6 7 9 10 | 10.6
Unarmed Combat | 4 6 7 10 11 13 14 | 14.3
Stealth        | 1 |  1.4

Action                     |  1- 3 |  4- 6 |  7- 9 || total
---------------------------+-------+-------+-------++-------
  Melee: Unarmed           |    25 |    13 |    32 ||    70
         Punch             |       |     1 |     5 ||     6
 Invoke: Berserk           |     2 |     1 |     3 ||     6
    Use: Potion            |       |       |     1 ||     1
 Armour: Animal skin       |     3 |     2 |    13 ||    18
  Dodge: Dodged            |     4 |     2 |    33 ||    39

Table legend: (Time is in decaauts)
 A = Elapsed time spent in this place.
 B = Non-inter-level travel time spent in this place.
 C = Inter-level travel time spent in this place.
 D = Time resting spent in this place.
 E = Time spent auto-exploring this place.
 F = Levels seen in this place.
 G = Mean time per level.
                   A        B        C        D        E       F      G
               +--------+--------+--------+--------+--------+-----+--------+
         Total |    519 |    519 |      0 |    181 |     27 |   1 |  519.0 |
       Dungeon |    519 |    519 |      0 |    181 |     27 |   1 |  519.0 |
               +--------+--------+--------+--------+--------+-----+--------+

Top non-repeatable levels by time:
       D: 519 daAuts
